AoeStats
← 小白

Arena

509320845Analyzed
4v4 RM · 6d ago on Sep 26, 2026· 42m 51s· 8 players
Game mode
Random Map
Map size
Large (8 player)
Population
200
Speed
Normal
Resources
Standard
Victory
Conquest
Starting age
Dark Age
Ending age
Imperial Age
RankedLock teamsTeams togetherTeam positionsShared explorationLock speedFull tech treeHidden civsTurbo modeCheats
Victory
Defeat
🇭🇰 Burgundians · Hong Kong SAR China
2072
+3
🇹🇼 Italians · Taiwan
2068
+3
🇹🇼 Wei · Taiwan
1904
+5
🇹🇼 Cumans · Taiwan
1655
+14
🇭🇰 Berbers · Hong Kong SAR China
1727
-9
🇨🇳 Cumans · China
1710
-8
🇺🇸 Danes · United States
1621
-5
🇲🇩 Mongols · Moldova
1545
-3
DS_Gabo
9:46 Feudal Age
9:26 Loom
13:56 Castle Age
12:37 Double-Bit Axe
12:59 Horse Collar
18:36 Scale Mail Armor
18:47 Forging
19:28 Arson
19:43 Squires
25:45 Chain Mail Armor
26:24 Gambesons
26:00 Man-at-Arms
28:30 Wheelbarrow
28:59 Bow Saw
29:17 Gold Mining
29:19 Stone Mining
35:29 Imperial Age
32:46 Town Watch
34:04 Hand Cart
33:41 Fletching
33:51 Padded Archer Armor
34:02 Crossbowman
34:48 Thumb Ring
34:56 Thumb Ring
35:34 Elite Skirmisher
36:15 Bodkin Arrow
36:59 Bracer
39:04 Plate Mail Armor
39:55 Iron Casting
39:32 Hamask
40:32 Conscription
月月
8:18 Feudal Age
8:55 Double-Bit Axe
9:16 Horse Collar
10:29 Wheelbarrow
11:52 Loom
11:53 Horse Collar
17:05 Gold Mining
20:54 Castle Age
19:45 Scale Barding Armor
20:40 Forging
21:47 Bloodlines
22:03 Bow Saw
22:14 Chain Barding Armor
21:41 Capped Ram
27:14 Iron Casting
26:30 Fletching
27:24 Hand Cart
27:47 Gold Shaft Mining
27:48 Padded Archer Armor
28:23 Bodkin Arrow
38:31 Pikeman
39:34 Heavy Plow
40:47 Scale Mail Armor
41:23 Squires
41:35 Town Watch
42:42 Chain Mail Armor
solo rankeding
10:21 Feudal Age
8:40 Loom
11:50 Double-Bit Axe
11:46 Horse Collar
14:24 Castle Age
15:22 Bow Saw
15:14 Heavy Plow
19:39 Wheelbarrow
21:08 Hand Cart
21:19 Stone Mining
23:12 Gold Mining
25:45 Fletching
28:32 Imperial Age
26:26 Fletching
26:36 Padded Archer Armor
27:03 Bodkin Arrow
27:30 Ballistics
27:45 Bloodlines
27:35 Husbandry
27:43 Thumb Ring
28:35 Loom
28:35 Town Watch
29:09 Leather Archer Armor
28:35 Elite Mangudai
29:36 Conscription
29:25 Bracer
30:08 Parthian Tactics
31:18 Chemistry
31:51 Town Patrol
35:54 Bracer
36:09 Leather Archer Armor
37:32 Siege Engineers
37:23 Murder Holes
38:36 Drill
38:31 Capped Ram
39:08 Capped Ram
40:13 Siege Ram
Kyandie
11:34 Feudal Age
12:04 Double-Bit Axe
12:19 Horse Collar
15:06 Castle Age
16:01 Bow Saw
15:53 Heavy Plow
17:46 Wheelbarrow
18:17 Wheelbarrow
18:22 Stone Mining
19:26 Loom
20:41 Hand Cart
20:32 Gold Mining
21:36 Town Watch
22:31 Fletching
22:41 Padded Archer Armor
23:35 Bodkin Arrow
24:42 Elite Skirmisher
34:43 Ballistics
37:54 Thumb Ring
43:17 Imperial Age
散步小鵝
8:25 Feudal Age
9:13 Double-Bit Axe
9:09 Horse Collar
13:58 Wheelbarrow
18:46 Castle Age
18:20 Bloodlines
18:17 Scale Barding Armor
18:24 Loom
41:42 Gold Mining
Nezzar
3:01 Double-Bit Axe
8:28 Feudal Age
7:14 Horse Collar
9:20 Bow Saw
9:10 Heavy Plow
16:06 Castle Age
14:16 Gold Mining
17:58 Wheelbarrow
19:28 Hand Cart
19:02 Loom
21:05 Scale Barding Armor
20:49 Cavalier
21:29 Husbandry
23:49 Gold Shaft Mining
24:40 Chain Barding Armor
28:49 Forging
30:14 Crop Rotation
34:49 Imperial Age
32:05 Town Watch
32:59 Stone Mining
34:42 Stone Shaft Mining
34:56 Paladin
36:16 Plate Barding Armor
37:38 Iron Casting
38:52 Two-Man Saw
39:57 Fletching
43:02 Blast Furnace
42:42 Conscription
小白
8:21 Feudal Age
8:51 Horse Collar
8:56 Double-Bit Axe
12:53 Wheelbarrow
15:46 Castle Age
13:46 Gold Mining
20:13 Imperial Age
18:27 Bow Saw
19:25 Gold Shaft Mining
19:25 Heavy Plow
21:07 Hand Cart
26:40 Loom
34:18 Scale Barding Armor
34:11 Stone Mining
34:53 Crop Rotation
34:58 Tuntian
36:08 Stone Shaft Mining
36:40 Chain Barding Armor
37:07 Conscription
37:47 Forging
37:23 Treadmill Crane
37:33 Elite Tiger Cavalry
39:41 Bloodlines
39:32 Husbandry
40:46 Iron Casting
43:08 Blast Furnace
老天鵝
11:25 Feudal Age
12:10 Double-Bit Axe
12:25 Horse Collar
15:05 Castle Age
16:04 Bow Saw
18:23 Fletching
22:19 Bodkin Arrow
26:23 Loom
29:42 Imperial Age
27:58 Gold Mining
28:34 Padded Archer Armor
31:11 Wheelbarrow
30:39 Bracer
32:26 Ballistics
33:07 Chemistry
38:00 Leather Archer Armor
39:26 Ring Archer Armor
39:03 Thumb Ring
39:55 Conscription
40:00 Elite Genoese Crossbowman
Connection lost

Rejoining the realm…

Still unreachable

The connection could not be restored.

Session expired

The server has moved on; the page needs a fresh start.